 Dungeon Crawl Stone Soup version 0.29.1-12-g30fa7ad0bf (webtiles) character file.

Game seed: 10142296727560193806

102 KittyFluff the Cudgeller (level 4, 0/43 HPs)
             Began as a Gargoyle Berserker on Jan 3, 2023.
             Was a Believer of Trog.
             Slain by an orc
             ... wielding a +1 dagger of flaming
              (1 damage)
             ... on level 3 of the Dungeon.
             The game lasted 00:09:59 (3373 turns).

KittyFluff the Cudgeller (Gargoyle Berserker)       Turns: 3373, Time: 00:10:02

Health: 0/43       AC:  6    Str: 20    XL:     4   Next: 77%
Magic:  4/4        EV: 12    Int:  8    God:    Trog [**....]
Gold:   140        SH:  0    Dex: 11    Spells: 3/3 levels left

rFire   . . .      SeeInvis .   a - +0 mace
rCold   . . .      Faith    .   (no shield)
rNeg    + . .      Spirit   .   g - +0 leather armour
rPois   ∞          Reflect  .   (no helmet)
rElec   +          Harm     .   (no cloak)
rCorr   .          Rampage  .   (no gloves)
Will    .....                   (no boots)
Stlth   ..........              (no amulet)
HPRegen 0.14/turn               (no ring)
MPRegen 0.09/turn               (no ring)

@: berserking, very quick
A: sickness immunity, AC +3, negative energy resistance 1, electricity
resistance, torment resistance 1, petrification resistance
a: Renounce Religion, Berserk, Trog's Hand


You were on level 3 of the Dungeon.
You worshipped Trog.
Trog was pleased with you.
You visited 1 branch of the dungeon, and saw 3 of its levels.

You collected 140 gold pieces.

Inventory:

Hand Weapons
 a - a +0 mace (weapon)
Missiles
 h - 8 stones (quivered)
 j - 6 javelins
 l - 5 atropa-tipped darts
 m - 4 curare-tipped darts
Armour
 b - a +0 animal skin
 g - a +0 leather armour (worn)
Scrolls
 e - a scroll of brand weapon {unknown}
 i - a scroll of amnesia {unknown}
 k - a scroll of vulnerability {unknown}
Potions
 c - a potion of degeneration
 d - a potion of resistance
 f - a potion of curing
 n - a potion of might


   Skills:
 + Level 4.0 Fighting
 * Level 4.3 Maces & Flails
 * Level 2.5 Armour
 + Level 2.1 Dodging
 + Level 0.4 Stealth


You had 3 spell levels left.
You didn't know any spells.
Your spell library was empty.

Dungeon Overview and Level Annotations

Branches:
Dungeon (3/15)

Altars:
The Shining One


Innate Abilities, Weirdness & Mutations

You are immune to sickness and miasma.
Your stone body is resilient. (AC +3)
You are immune to poison.
You resist negative energy. (rN+)
You are resistant to electric shocks. (rElec)
You are resistant to unholy torment.
You are immune to petrification.


Message History

The orc hits you but does no damage. The orc barely misses you.
You closely miss the orc.
The orc is heavily wounded.
The orc hits you but does no damage. The orc closely misses you.
You closely miss the orc.
The orc is heavily wounded.
The orc hits you but does no damage. The orc closely misses you.
You hit the orc but do no damage.
The orc is heavily wounded.
The orc barely misses you. The orc hits you but does no damage.
The orc hits you with a +1 dagger of flaming.
The orc burns you. The orc closely misses you.
You barely miss the orc.
The orc is heavily wounded.
The orc closely misses you. The orc misses you.
You barely miss the orc.
The orc is heavily wounded.
The orc hits you with a +1 dagger of flaming.
The orc burns you.
* * * LOW HITPOINT WARNING * * *
The orc hits you with a +0 hand axe.
* * * LOW HITPOINT WARNING * * *
A red film seems to cover your vision as you go berserk!
You feel yourself moving faster!
You feel mighty!
The orc hits you with a +1 dagger of flaming.
* * * LOW HITPOINT WARNING * * *
The orc burns you.
* * * LOW HITPOINT WARNING * * *
The orc hits you with a +0 hand axe.
* * * LOW HITPOINT WARNING * * *
You closely miss the orc.
The orc is heavily wounded.
The orc barely misses you. The orc closely misses you.
You thump the orc!
You kill the orc!
Trog accepts your kill.
The orc hits you with a +1 dagger of flaming.
* * * LOW HITPOINT WARNING * * *
The orc burns you.
You die...

.# .# ##.# ...#
#..# #..# #)o#
#@.#### #..#..
#..#.# #.######.#
#..#.####......#.#
#.................
#............>....
####.####.........
#.# #........#
#)####........#


You could see an orc.

Vanquished Creatures
  A gnoll (D:1)
  3 adders
  2 worms (D:2)
  3 dart slugs
  4 orcs (D:3)
  5 ball pythons
  3 endoplasms (D:1)
  3 goblins (D:1)
  3 hobgoblins
  4 jackals (D:1)
  4 kobolds
  3 quokkas
  5 bats
  4 frilled lizards
  2 rats (D:1)
49 creatures vanquished.

Vanquished Creatures (others)
  A plant (D:2)
1 creature vanquished.

Grand Total: 50 creatures vanquished

Notes
Turn   | Place    | Note
-------+----------+-------------------------------------------
     0 | D:1      | KittyFluff the Gargoyle Berserker began the quest for the
                  | Orb.
     0 | D:1      | Reached XP level 1. HP: 14/14 MP: 1/1
   337 | D:1      | Reached XP level 2. HP: 17/19 MP: 2/2
   859 | D:1      | Reached XP level 3. HP: 22/24 MP: 3/3
  1309 | D:1      | Found a faded altar of an unknown god.
  1344 | D:1      | Reached ** piety under Trog
  2002 | D:2      | Reached XP level 4. HP: 18/29 MP: 4/4
  2249 | D:2      | You fall into a shaft and drop 1 floor!
  3269 | D:3      | Found a glowing golden altar of the Shining One.
  3373 | D:3      | HP: 1/43 [orc/+1 dagger of flaming (2)]
  3373 | D:3      | Slain by an orc

Illustrated notes

Levels and vault maps discovered:
D:1:      tarquinn_simple_flora_water_d, layout_loops_ring,
          ebering_ecumenical_altar_hall, minmay_hexomino_u4
D:2:      layout_loops_corners, serial_bayou, serial_bayou_crossing,
          serial_bayou_lagoon_a, serial_bayou_shore_a, serial_bayou_pond_e,
          serial_bayou_ford_a, kennysheep_generic_room_11
D:3:      layout_loops_ring, nicolae_overflow_crystal_walls

Skill      XL: |  1  2  3  4 |
---------------+-------------+-----
Dodging        | 2 |  2.1
Fighting       | 4 |  4.0
Maces & Flails | 4 |  4.3
Armour         | |  2.5
Stealth        | |  0.4

Action                   |  1- 3 |  4- 6 || total
-------------------------+-------+-------++-------
Melee: Mace              |   125 |    80 ||   205
       Punch             |       |     1 ||     1
Throw: Stone             |     1 |       ||     1
Invok: Berserk           |       |     1 ||     1
  Use: Scroll            |       |     4 ||     4
 Stab: Sleeping          |     1 |       ||     1
Armor: Animal skin       |    39 |    22 ||    61
       Leather armour    |       |    20 ||    20
Dodge: Dodged            |    81 |    61 ||   142
